Sewer Rats vs Rafales
Created - October 29, 2017 at 00:23
Goals
|
| Sewer Rats |
3 |
1 |
0 |
4 |
| Rafales |
3 |
2 |
1 |
6 |
|
Shots
|
| Sewer Rats |
7 |
11 |
4 |
22 |
| Rafales |
8 |
16 |
11 |
35 |
|
1st period
1. Rafales , Jarret Stoll 3 (Brock Nelson 4, Matt Gilroy 2) at 0:34
2. Sewer Rats , Mark Mancari 5 (Vincent Trocheck 2, Martin Frk 2) at 6:33
3. Sewer Rats , Kyle Turris 4 (Unassisted) at 7:05 (PP)
4. Rafales , Jarret Stoll 4 (Brock Nelson 5, Mark Fayne 4) at 12:09
5. Rafales , Matt Gilroy 2 (Michael Bournival 4) at 15:04
6. Sewer Rats , Ville Leino 8 (Kyle Turris 8) at 18:19
Penalties :
Dylan McIlrath (Stf) for Hooking (Minor) at 6:45, Mattias Ekholm (Tol) for Tripping (Minor) at 7:12
2nd period
7. Rafales , Jarret Stoll 5 (Brock Nelson 6, Akim Aliu 2) at 5:43
8. Rafales , Cody McLeod 6 (Nathan Davis 2, John Gibson) at 12:10 (PP)
9. Sewer Rats , Jared Boll 4 (Jonathan Marchessault 1, Kyle Turris 9) at 16:48
Penalties :
Dmitrij Jaskin (Tol) for Holding Stick (Minor) at 1:50, Slater Koekkoek (Stf) for Goalie Interference (Minor) at 7:15, Zach Boychuk (Tol) for Tripping (Minor) at 11:57
3rd period
10. Rafales , Cody McLeod 7 (Mike Zigomanis 7, Michael Bournival 5) at 10:03
Penalties :
James Marcou (Stf) for Hooking (Minor) at 4:10, Ville Leino (Tol) for Hooking (Minor) at 10:21, Dylan McIlrath (Stf) for Delaying the game (Minor) at 16:41
Goalie Stats
Marek Mazanek (Tol), 13 saves from 18 shots - (0.722), L, 1-4-0, 32:10 minutes
Richard Bachman (Tol), 16 saves from 17 shots - (0.941), 27:50 minutes
John Gibson (Stf), 18 saves from 22 shots - (0.818), W, 2-1-4, 60:00 minutes
Players Stats for Sewer Rats
Player Name G A P +/- PIM S H SB GA TA FO MP PP MP PK MP
------------------------------------------------------------------------------------
Connor Carrick 0 0 0 0 0 0 0 0 0 0 0/0 5:51 0:00 0:00
Daniel Carr 0 0 0 0 0 1 0 0 0 0 0/0 9:36 0:09 0:35
Dmitrij Jaskin 0 0 0 0 2 0 1 0 1 0 0/0 8:39 0:09 0:00
Jared Boll 1 0 1 -1 0 2 1 0 0 0 0/1 14:33 2:37 0:00
Jarred Tinordi 0 0 0 -1 0 1 0 3 0 0 0/0 19:09 2:22 2:01
Joel Edmundson 0 0 0 1 0 0 0 0 0 2 0/0 10:22 0:00 0:00
John Ramage 0 0 0 0 0 0 0 0 0 0 0/0 6:55 0:00 0:35
Jonathan Huberdeau 0 0 0 0 0 2 3 0 0 0 0/0 14:10 0:09 1:28
Jonathan Marchessault 0 1 1 -1 0 1 0 0 1 0 7/16 14:33 2:37 0:00
Kyle Turris 1 2 3 -1 0 3 6 0 1 1 15/27 20:21 3:31 1:41
Mark Mancari 1 0 1 -1 0 4 2 1 2 0 6/8 21:47 3:31 3:20
Martin Frk 0 1 1 0 0 0 0 0 0 0 0/0 11:31 0:00 0:00
Matt Lashoff 0 0 0 -2 0 2 0 0 1 1 0/0 24:38 3:55 4:09
Mattias Ekholm 0 0 0 -2 2 0 1 2 0 1 0/0 22:44 3:54 2:38
Nick Cousins 0 0 0 0 0 0 0 0 0 0 0/1 7:53 0:00 0:00
Ryan Murphy 0 0 0 1 0 0 0 1 0 1 0/0 11:20 0:00 0:56
Steven Kampfer 0 0 0 -1 0 1 0 0 0 2 0/0 19:09 2:22 2:01
Ville Leino 1 0 1 -1 2 2 1 0 0 0 0/1 20:41 3:31 2:10
Vincent Trocheck 0 1 1 0 0 1 0 0 0 1 1/4 13:46 0:00 1:41
Zach Boychuk 0 0 0 -1 2 2 3 1 0 0 0/0 16:07 2:37 1:25
Players Stats for Rafales
Player Name G A P +/- PIM S H SB GA TA FO MP PP MP PK MP
------------------------------------------------------------------------------------
Akim Aliu 0 1 1 1 0 0 1 0 0 0 0/0 11:31 0:00 0:00
Brian Ferlin 0 0 0 0 0 2 2 0 0 0 2/2 15:10 0:00 0:00
Brock Nelson 0 3 3 1 0 3 0 0 0 1 1/1 16:02 2:38 1:12
Carl Klingberg 0 0 0 0 0 1 0 0 1 0 1/1 11:14 0:00 0:24
Cedric Paquette 0 0 0 1 0 0 1 0 0 0 3/3 8:57 0:00 0:12
Cody McLeod 2 0 2 0 0 5 1 1 1 1 1/3 21:54 3:32 2:16
Dylan McIlrath 0 0 0 2 4 2 2 1 0 0 0/0 24:34 3:45 1:54
James Marcou 0 0 0 1 2 1 0 0 1 1 0/0 8:46 0:00 0:00
Jarret Stoll 3 0 3 1 0 7 0 0 1 0 4/9 18:12 2:38 3:37
Julian Melchiori 0 0 0 0 0 0 1 1 0 0 0/0 19:08 2:25 0:00
Marc-André Gragnani 0 0 0 0 0 1 1 1 1 0 0/0 21:35 2:25 2:58
Mark Fayne 0 1 1 0 0 1 0 2 1 1 0/0 15:54 0:00 3:19
Matt Gilroy 1 1 2 2 0 2 1 2 1 1 0/0 26:15 3:45 3:19
Michael Bournival 0 2 2 1 0 5 0 0 0 0 0/0 13:13 2:38 1:16
Mike Zigomanis 0 1 1 0 0 3 2 1 0 0 15/34 22:54 3:32 3:37
Nathan Davis 0 1 1 0 0 1 0 0 2 0 2/5 14:09 3:32 0:00
Nicklas Jensen 0 0 0 0 0 1 1 0 0 0 0/0 10:50 0:00 0:00
Slater Koekkoek 0 0 0 0 2 0 1 0 0 1 0/0 13:21 0:00 1:04
3 Stars
1 - Jarret Stoll (Stf)
2 - Kyle Turris (Tol)
3 - Matt Gilroy (Stf)
Power Play
Sewer Rats - 1 on 4 Attempt(s) - 25.00%
Rafales - 1 on 5 Attempt(s) - 20.00%
Penalty Kill
Sewer Rats - 4 on 5 Attempt(s) - 80.00%
- Score 0 goal in Penalty Kill
Rafales - 3 on 4 Attempt(s) - 75.00%
- Score 0 goal in Penalty Kill
Team Stat
Sewer Rats - Hits : 18 - Faceoff Wins : 29 - Blocked Shots : 8 - Penalty Minutes : 8
Rafales - Hits : 14 - Faceoff Wins : 29 - Blocked Shots : 9 - Penalty Minutes : 8
Official
Referees : Banfield David and Kozari Steve
Linesman : Brian Murphy and Dan Schachte
Game Notes
7:05 of 1st period - Penalty Shot by Kyle Turris for Sewer Rats - Goal!
Jarret Stoll has scored a Hat Trick!
Richard Bachman enters game at 12:10 of 2nd period
Finance
Level 1 -- Attendance: 1498 (74.90%) -- Ticket Income $59,920
Level 2 -- Attendance: 740 (74.00%) -- Ticket Income $14,800
Total Attendance: 2238 (74.60%)
Total Ticket Income: $74,720
Other Income: $3,736
Total Income: $78,456
Sewer Rats
5 vs 5 Forward
Center Left Wing Right Wing Time % Phy DF OF
1 Kyle Turris Ville Leino Mark Mancari 35 1 2 2
2 Jonathan Marchessault Zach Boychuk Jared Boll 30 1 2 2
3 Vincent Trocheck Jonathan Huberdeau Martin Frk 25 1 2 2
4 Nick Cousins Daniel Carr Dmitrij Jaskin 10 1 2 2
5 vs 5 Defense
Defense Defense Time % Phy DF OF
1 Matt Lashoff Mattias Ekholm 40 1 2 2
2 Steven Kampfer Jarred Tinordi 30 1 2 2
3 Joel Edmundson Ryan Murphy 20 1 2 2
4 John Ramage Connor Carrick 10 1 2 2
PowerPlay Forward
Center Left Wing Right Wing Time % Phy DF OF
1 Kyle Turris Ville Leino Mark Mancari 60 1 2 2
2 Jonathan Marchessault Zach Boychuk Jared Boll 40 1 2 2
PowerPlay Defense
Defense Defense Time % Phy DF OF
1 Matt Lashoff Mattias Ekholm 60 1 2 2
2 Steven Kampfer Jarred Tinordi 40 1 2 2
Penalty Kill 4 Players Forward
Center Wing Time % Phy DF OF
1 Mark Mancari Ville Leino 60 1 2 2
2 Kyle Turris Zach Boychuk 40 1 2 2
Penalty Kill 4 Players Defense
Defense Defense Time % Phy DF OF
1 Matt Lashoff Mattias Ekholm 60 1 2 2
2 Steven Kampfer Jarred Tinordi 40 1 2 2
Penalty Kill - 3 Players Forward
Forward Time % Phy DF OF
1 Mark Mancari 60 1 2 2
2 Ville Leino 40 1 2 2
Penalty Kill - 3 Players Defense
Defense Defense Time % Phy DF OF
1 Matt Lashoff Mattias Ekholm 60 1 2 2
2 Steven Kampfer Jarred Tinordi 40 1 2 2
4 vs 4 Forward
Center Wing Time % Phy DF OF
1 Mark Mancari Ville Leino 60 1 2 2
2 Kyle Turris Zach Boychuk 40 1 2 2
4 vs 4 Defense
Defense Defense Time % Phy DF OF
1 Matt Lashoff Mattias Ekholm 60 1 2 2
2 Steven Kampfer Jarred Tinordi 40 1 2 2
Last Minutes Offensive
Center Left Wing Right Wing Defense Defense
Kyle Turris Ville Leino Mark Mancari Matt Lashoff Mattias Ekholm
Last Minutes Defensive
Center Left Wing Right Wing Defense Defense
Kyle Turris Ville Leino Mark Mancari Matt Lashoff Mattias Ekholm
Goaltenders
Starting : Marek Mazanek
Backup : Richard Bachman
Extra Forwards
Normal : Jonathan Huberdeau, Daniel Carr, Vincent Trocheck - PP : Jonathan Huberdeau, Daniel Carr - PK : Vincent Trocheck
Extra Defensemen
Normal : Joel Edmundson, Ryan Murphy, John Ramage - PP : Joel Edmundson - PK : Ryan Murphy, John Ramage
Penalty Shots
Mark Mancari, Ville Leino, Kyle Turris, Zach Boychuk, Jared Boll
Scratches
William Karlsson (Healthy), Josh Archibald (Healthy), Xavier Ouellet (Healthy), Jonathan Racine (Healthy), Joseph Blandisi (Healthy)
Chris Calhan (Healthy), Tom Sestito (Healthy)
Rafales
5 vs 5 Forward
Center Left Wing Right Wing Time % Phy DF OF
1 Mike Zigomanis Cody McLeod Brian Ferlin 40 0 1 4
2 Jarret Stoll Brock Nelson Akim Aliu 30 0 1 4
3 Nathan Davis Carl Klingberg Nicklas Jensen 20 0 3 2
4 Cedric Paquette Michael Bournival James Marcou 10 0 2 3
5 vs 5 Defense
Defense Defense Time % Phy DF OF
1 Matt Gilroy Dylan McIlrath 40 0 4 1
2 Julian Melchiori Marc-André Gragnani 30 0 4 1
3 Mark Fayne Slater Koekkoek 20 0 4 1
4 Matt Gilroy Dylan McIlrath 10 0 4 1
PowerPlay Forward
Center Left Wing Right Wing Time % Phy DF OF
1 Mike Zigomanis Cody McLeod Nathan Davis 60 0 0 5
2 Jarret Stoll Brock Nelson Michael Bournival 40 0 0 5
PowerPlay Defense
Defense Defense Time % Phy DF OF
1 Matt Gilroy Dylan McIlrath 60 0 2 3
2 Julian Melchiori Marc-André Gragnani 40 0 2 3
Penalty Kill 4 Players Forward
Center Wing Time % Phy DF OF
1 Mike Zigomanis Jarret Stoll 60 0 3 2
2 Cody McLeod Brock Nelson 40 0 3 2
Penalty Kill 4 Players Defense
Defense Defense Time % Phy DF OF
1 Matt Gilroy Mark Fayne 60 0 5 0
2 Dylan McIlrath Marc-André Gragnani 40 0 5 0
Penalty Kill - 3 Players Forward
Forward Time % Phy DF OF
1 Mike Zigomanis 60 0 4 1
2 Jarret Stoll 40 0 4 1
Penalty Kill - 3 Players Defense
Defense Defense Time % Phy DF OF
1 Matt Gilroy Mark Fayne 60 0 5 0
2 Slater Koekkoek Marc-André Gragnani 40 0 5 0
4 vs 4 Forward
Center Wing Time % Phy DF OF
1 Mike Zigomanis Jarret Stoll 60 0 2 3
2 Cody McLeod Brock Nelson 40 0 3 1
4 vs 4 Defense
Defense Defense Time % Phy DF OF
1 Matt Gilroy Dylan McIlrath 60 0 3 2
2 Mark Fayne Marc-André Gragnani 40 0 4 1
Last Minutes Offensive
Center Left Wing Right Wing Defense Defense
Mike Zigomanis Cody McLeod Akim Aliu Matt Gilroy Dylan McIlrath
Last Minutes Defensive
Center Left Wing Right Wing Defense Defense
Mike Zigomanis Cody McLeod James Marcou Slater Koekkoek Mark Fayne
Goaltenders
Starting : John Gibson
Backup : Philipp Grubauer
Extra Forwards
Normal : Cody McLeod, Mike Zigomanis, Brock Nelson - PP : Cody McLeod, Mike Zigomanis - PK : Michael Bournival
Extra Defensemen
Normal : Matt Gilroy, Dylan McIlrath, Slater Koekkoek - PP : Matt Gilroy - PK : Marc-André Gragnani, Mark Fayne
Penalty Shots
Mike Zigomanis, Jarret Stoll, Cody McLeod, Brock Nelson, James Marcou
Scratches
Ben Sexton (Healthy), Ryan Bourque (Healthy), Ben Johnson (Healthy), Jayson Megna (Healthy), Brad Ross (Healthy)
Connor Murphy (Healthy), Petr Kalus (Healthy), Ben Thomson (Healthy), David Broll (Healthy), Stefan Chaput (Healthy)
Dennis Persson (Healthy), Chris Terry (Healthy), Kevin Veilleux (Healthy), Maksim Mayorov (Healthy), Chris Driedger (Healthy)
Leland Irving (Healthy)
% Time on Ice - Sewer Rats
Lines # - Real PCT - Wanted PCT - Time Play
Normal Forward
1 - 33% - 35% - 15:55
2 - 26% - 30% - 12:14
3 - 24% - 25% - 11:31
4 - 17% - 10% - 7:53
Normal Defense
1 - 35% - 40% - 16:34
2 - 31% - 30% - 14:46
3 - 22% - 20% - 10:22
4 - 12% - 10% - 5:51
PP Forward
1 - 58% - 60% - 3:40
2 - 42% - 40% - 2:37
PP Defense
1 - 62% - 60% - 3:55
2 - 38% - 40% - 2:22
PK Forward
1 - 77% - 60% - 4:45
2 - 23% - 40% - 1:25
PK Defense
1 - 67% - 60% - 4:09
2 - 33% - 40% - 2:01
PK3 Forward
1 - 0% - 60%
2 - 0% - 40%
PK3 Defense
1 - 0% - 60%
2 - 0% - 40%
44 Forward
1 - 0% - 60%
2 - 0% - 40%
44 Defense
1 - 0% - 60%
2 - 0% - 40%
Last Minute Offensive - 0:00
Last Minute Defensive - 0:00
Total
Forward - 60:00
Defense - 60:00
|
% Time on Ice - Rafales
Lines # - Real PCT - Wanted PCT - Time Play
Normal Forward
1 - 35% - 40% - 16:27
2 - 25% - 30% - 11:54
3 - 23% - 20% - 10:50
4 - 18% - 10% - 8:22
Normal Defense
1 - 37% - 40% - 17:49
2 - 34% - 30% - 16:21
3 - 25% - 20% - 12:01
4 - 3% - 10% - 1:22
PP Forward
1 - 57% - 60% - 3:32
2 - 43% - 40% - 2:38
PP Defense
1 - 61% - 60% - 3:45
2 - 39% - 40% - 2:25
PK Forward
1 - 81% - 60% - 5:05
2 - 19% - 40% - 1:12
PK Defense
1 - 53% - 60% - 3:19
2 - 47% - 40% - 2:58
PK3 Forward
1 - 0% - 60%
2 - 0% - 40%
PK3 Defense
1 - 0% - 60%
2 - 0% - 40%
44 Forward
1 - 0% - 60%
2 - 0% - 40%
44 Defense
1 - 0% - 60%
2 - 0% - 40%
Last Minute Offensive - 0:00
Last Minute Defensive - 0:00
Total
Forward - 60:00
Defense - 60:00
|
Play by Play
1st period
0:01 of 1st period - Kyle Turris wins face-off versus Mike Zigomanis in neutral zone.
0:30 of 1st period - Wrist shot by Jarret Stoll.
0:30 of 1st period - Shot Misses the Net.
0:32 of 1st period - Snap shot by Jarret Stoll.
0:32 of 1st period - Shot Misses the Net.
0:34 of 1st period - Wrist shot by Brock Nelson.
0:34 of 1st period - Deflect By Jarret Stoll.
0:34 of 1st period - Goal by Jarret Stoll - Sewer Rats : 0 - Rafales : 1.
0:35 of 1st period - Carl Klingberg wins face-off versus Vincent Trocheck in neutral zone.
1:32 of 1st period - Kyle Turris is hit by Matt Gilroy and loses puck.
2:07 of 1st period - Wrist shot by Martin Frk.
2:07 of 1st period - Shot Misses the Net.
2:15 of 1st period - Snap shot by Martin Frk.
2:15 of 1st period - Shot Blocked by Mark Fayne.
4:43 of 1st period - Wrist shot by Brock Nelson.
4:43 of 1st period - Stopped by Marek Mazanek with a rebound.
4:59 of 1st period - Mark Fayne is hit by Kyle Turris and loses puck.
5:08 of 1st period - Snap shot by Mark Mancari.
5:08 of 1st period - Shot Misses the Net.
5:10 of 1st period - Snap shot by Steven Kampfer.
5:10 of 1st period - Stopped by John Gibson with a rebound.
5:12 of 1st period - Wrist shot by Kyle Turris.
5:12 of 1st period - Shot Misses the Net.
6:33 of 1st period - Snap shot by Mark Mancari.
6:33 of 1st period - Goal by Mark Mancari - Sewer Rats : 1 - Rafales : 1.
6:34 of 1st period - Mike Zigomanis wins face-off versus Kyle Turris in neutral zone.
6:45 of 1st period - Minor Penalty to Dylan McIlrath for Hooking.
6:46 of 1st period - Mike Zigomanis wins face-off versus Ville Leino in Rafales zone.
6:46 of 1st period - Mike Zigomanis is hit by Mark Mancari.
7:03 of 1st period - Slapshot by Jarret Stoll.
7:03 of 1st period - Shot Blocked by Mattias Ekholm.
7:05 of 1st period - Penalty Shot by Kyle Turris for Sewer Rats.
7:05 of 1st period - Backhand shot by Kyle Turris.
7:05 of 1st period - Goal by Kyle Turris - Sewer Rats : 2 - Rafales : 1.
7:06 of 1st period - Mike Zigomanis wins face-off versus Kyle Turris in neutral zone.
7:07 of 1st period - Mike Zigomanis wins face-off versus Kyle Turris in Sewer Rats zone.
7:10 of 1st period - Wrist shot by Cody McLeod.
7:10 of 1st period - Shot Hit the Post.
7:12 of 1st period - Minor Penalty to Mattias Ekholm for Tripping.
7:13 of 1st period - Mike Zigomanis wins face-off versus Mark Mancari in Sewer Rats zone.
8:05 of 1st period - Julian Melchiori is hit by Zach Boychuk and loses puck.
8:45 of 1st period - Icing by Brock Nelson.
8:46 of 1st period - Jarret Stoll wins face-off versus Kyle Turris in Rafales zone.
8:53 of 1st period - Snap shot by Zach Boychuk.
8:53 of 1st period - Shot Misses the Net.
9:01 of 1st period - Mike Zigomanis is hit by Kyle Turris and loses puck.
9:12 of 1st period - Penalty to Mattias Ekholm is over, Mattias Ekholm is back on ice.
9:16 of 1st period - Kyle Turris is hit by Julian Melchiori and loses puck.
9:47 of 1st period - Wrist shot by Michael Bournival.
9:47 of 1st period - Stopped by Marek Mazanek with a rebound.
10:29 of 1st period - Slapshot by Steven Kampfer.
10:29 of 1st period - Shot Blocked by Mark Fayne.
10:31 of 1st period - Slapshot by Jarred Tinordi.
10:31 of 1st period - Stopped by John Gibson without a rebound.
10:32 of 1st period - Mike Zigomanis wins face-off versus Kyle Turris in Rafales zone.
10:38 of 1st period - Off-side.
10:39 of 1st period - Brock Nelson wins face-off versus Kyle Turris in neutral zone.
12:09 of 1st period - Wrist shot by Jarret Stoll.
12:09 of 1st period - Goal by Jarret Stoll - Sewer Rats : 2 - Rafales : 2.
12:10 of 1st period - Kyle Turris wins face-off versus Mike Zigomanis in neutral zone.
12:17 of 1st period - Snap shot by Kyle Turris.
12:17 of 1st period - Shot Blocked by Matt Gilroy.
12:46 of 1st period - Wrist shot by Mark Mancari.
12:46 of 1st period - Stopped by John Gibson with a rebound.
13:02 of 1st period - Jarret Stoll is hit by Zach Boychuk.
13:21 of 1st period - Icing by Jarred Tinordi.
13:22 of 1st period - Mike Zigomanis wins face-off versus Vincent Trocheck in Sewer Rats zone.
13:23 of 1st period - Backhand shot by Cody McLeod.
13:23 of 1st period - Shot Misses the Net.
13:25 of 1st period - Backhand shot by Cody McLeod.
13:25 of 1st period - Shot Misses the Net.
13:27 of 1st period - Snap shot by Brian Ferlin.
13:27 of 1st period - Stopped by Marek Mazanek with a rebound.
13:29 of 1st period - Snap shot by Julian Melchiori.
13:29 of 1st period - Shot Blocked by Jarred Tinordi.
13:31 of 1st period - Slapshot by Marc-André Gragnani.
13:31 of 1st period - Shot Misses the Net.
13:55 of 1st period - Slapshot by Jared Boll.
13:55 of 1st period - Shot Misses the Net.
13:57 of 1st period - Snap shot by Jonathan Marchessault.
13:57 of 1st period - Shot Blocked by Marc-André Gragnani.
14:41 of 1st period - Slapshot by Kyle Turris.
14:41 of 1st period - Stopped by John Gibson with a rebound.
15:04 of 1st period - Slapshot by Matt Gilroy.
15:04 of 1st period - Goal by Matt Gilroy - Sewer Rats : 2 - Rafales : 3.
15:05 of 1st period - Jonathan Marchessault wins face-off versus Mike Zigomanis in neutral zone.
15:10 of 1st period - Snap shot by Zach Boychuk.
15:10 of 1st period - Stopped by John Gibson without a rebound.
15:11 of 1st period - Jonathan Marchessault wins face-off versus Mike Zigomanis in Rafales zone.
15:14 of 1st period - Wrist shot by Jared Boll.
15:14 of 1st period - Shot Misses the Net.
16:21 of 1st period - Snap shot by Cody McLeod.
16:21 of 1st period - Stopped by Marek Mazanek without a rebound.
16:22 of 1st period - Cody McLeod wins face-off versus Nick Cousins in Sewer Rats zone.
16:27 of 1st period - Slapshot by Cody McLeod.
16:27 of 1st period - Shot Blocked by Mattias Ekholm.
16:37 of 1st period - Slapshot by Matt Lashoff.
16:37 of 1st period - Shot Blocked by Julian Melchiori.
17:29 of 1st period - Slapshot by James Marcou.
17:29 of 1st period - Shot Blocked by Jarred Tinordi.
17:51 of 1st period - Snap shot by Mike Zigomanis.
17:51 of 1st period - Shot Misses the Net.
17:53 of 1st period - Snap shot by Cody McLeod.
17:53 of 1st period - Shot Misses the Net.
18:09 of 1st period - Snap shot by Brock Nelson.
18:09 of 1st period - Stopped by Marek Mazanek without a rebound.
18:10 of 1st period - Jarret Stoll wins face-off versus Kyle Turris in Sewer Rats zone.
18:19 of 1st period - Snap shot by Ville Leino.
18:19 of 1st period - Goal by Ville Leino - Sewer Rats : 3 - Rafales : 3.
18:20 of 1st period - Kyle Turris wins face-off versus Mike Zigomanis in neutral zone.
18:24 of 1st period - Icing by Mike Zigomanis.
18:25 of 1st period - Kyle Turris wins face-off versus Mike Zigomanis in Rafales zone.
18:26 of 1st period - Snap shot by Mark Mancari.
18:26 of 1st period - Shot Misses the Net.
18:36 of 1st period - Matt Lashoff is hit by Dylan McIlrath and loses puck.
18:57 of 1st period - Wrist shot by Ville Leino.
18:57 of 1st period - Shot Blocked by Matt Gilroy.
19:06 of 1st period - Icing by Nathan Davis.
19:07 of 1st period - Nathan Davis wins face-off versus Jonathan Marchessault in Rafales zone.
19:09 of 1st period - Icing by Matt Gilroy.
19:10 of 1st period - Nathan Davis wins face-off versus Jonathan Marchessault in Rafales zone.
Goals for this period are 3 for Sewer Rats vs 3 for Rafales.
Shots for this period are 7 for Sewer Rats vs 8 for Rafales.
2nd period
0:01 of 2nd period - Mike Zigomanis wins face-off versus Jonathan Marchessault in neutral zone.
0:03 of 2nd period - Off-side.
0:04 of 2nd period - Mike Zigomanis wins face-off versus Jonathan Marchessault in neutral zone.
0:08 of 2nd period - Icing by Mattias Ekholm.
0:09 of 2nd period - Jonathan Marchessault wins face-off versus Mike Zigomanis in Sewer Rats zone.
0:24 of 2nd period - Icing by Mattias Ekholm.
0:25 of 2nd period - Jarret Stoll wins face-off versus Jonathan Marchessault in Sewer Rats zone.
1:18 of 2nd period - Slapshot by Nathan Davis.
1:18 of 2nd period - Shot Misses the Net.
1:20 of 2nd period - Wrist shot by Nicklas Jensen.
1:20 of 2nd period - Stopped by Marek Mazanek with a rebound.
1:50 of 2nd period - Minor Penalty to Dmitrij Jaskin for Holding Stick.
1:51 of 2nd period - Mark Mancari wins face-off versus Mike Zigomanis in Sewer Rats zone.
1:51 of 2nd period - Mark Mancari is hit by Mike Zigomanis.
3:33 of 2nd period - Nathan Davis is hit by Zach Boychuk and loses puck.
3:40 of 2nd period - Slapshot by Zach Boychuk.
3:40 of 2nd period - Stopped by John Gibson without a rebound.
3:41 of 2nd period - Mark Mancari wins face-off versus Jarret Stoll in Rafales zone.
3:50 of 2nd period - Penalty to Dmitrij Jaskin is over, Dmitrij Jaskin is back on ice.
3:51 of 2nd period - Icing by Brock Nelson.
3:52 of 2nd period - Jarret Stoll wins face-off versus Jonathan Marchessault in Rafales zone.
4:16 of 2nd period - Off-side.
4:17 of 2nd period - Kyle Turris wins face-off versus Mike Zigomanis in neutral zone.
4:53 of 2nd period - Wrist shot by Marc-André Gragnani.
4:53 of 2nd period - Stopped by Marek Mazanek without a rebound.
4:54 of 2nd period - Kyle Turris wins face-off versus Jarret Stoll in Sewer Rats zone.
5:02 of 2nd period - Off-side.
5:03 of 2nd period - Kyle Turris wins face-off versus Jarret Stoll in neutral zone.
5:33 of 2nd period - Snap shot by Jarret Stoll.
5:33 of 2nd period - Stopped by Marek Mazanek with a rebound.
5:35 of 2nd period - Slapshot by Dylan McIlrath.
5:35 of 2nd period - Shot Misses the Net.
5:37 of 2nd period - Snap shot by Brock Nelson.
5:37 of 2nd period - Shot Misses the Net.
5:39 of 2nd period - Wrist shot by Akim Aliu.
5:39 of 2nd period - Deflect By Brock Nelson.
5:39 of 2nd period - Stopped by Marek Mazanek with a rebound.
5:41 of 2nd period - Snap shot by Brock Nelson.
5:41 of 2nd period - Shot Misses the Net.
5:43 of 2nd period - Snap shot by Jarret Stoll.
5:43 of 2nd period - Goal by Jarret Stoll - Sewer Rats : 3 - Rafales : 4.
5:44 of 2nd period - Jonathan Marchessault wins face-off versus Mike Zigomanis in neutral zone.
6:32 of 2nd period - Mark Mancari is hit by Akim Aliu and loses puck.
7:15 of 2nd period - Minor Penalty to Slater Koekkoek for Goalie Interference.
7:16 of 2nd period - Kyle Turris wins face-off versus Mike Zigomanis in Rafales zone.
7:20 of 2nd period - Backhand shot by Ville Leino.
7:20 of 2nd period - Shot Misses the Net.
7:22 of 2nd period - Snap shot by Kyle Turris.
7:22 of 2nd period - Stopped by John Gibson with a rebound.
7:24 of 2nd period - Snap shot by Ville Leino.
7:24 of 2nd period - Deflect By Jarret Stoll.
7:24 of 2nd period - Shot Misses the Net.
7:24 of 2nd period - Puck is out of play.
7:25 of 2nd period - Mike Zigomanis wins face-off versus Kyle Turris in Rafales zone.
7:34 of 2nd period - Snap shot by Mark Mancari.
7:34 of 2nd period - Stopped by John Gibson with a rebound.
7:36 of 2nd period - Snap shot by Kyle Turris.
7:36 of 2nd period - Stopped by John Gibson without a rebound.
7:37 of 2nd period - Mike Zigomanis wins face-off versus Kyle Turris in Rafales zone.
9:15 of 2nd period - Penalty to Slater Koekkoek is over, Slater Koekkoek is back on ice.
9:30 of 2nd period - Slapshot by Jonathan Huberdeau.
9:30 of 2nd period - Stopped by John Gibson without a rebound.
9:31 of 2nd period - Vincent Trocheck wins face-off versus Nathan Davis in Rafales zone.
9:32 of 2nd period - Snap shot by Jonathan Huberdeau.
9:32 of 2nd period - Shot Misses the Net.
9:56 of 2nd period - Marc-André Gragnani is hit by Dmitrij Jaskin.
10:19 of 2nd period - Snap shot by Mike Zigomanis.
10:19 of 2nd period - Stopped by Marek Mazanek with a rebound.
10:21 of 2nd period - Wrist shot by Mike Zigomanis.
10:21 of 2nd period - Stopped by Marek Mazanek with a rebound.
10:30 of 2nd period - Off-side.
10:31 of 2nd period - Jonathan Marchessault wins face-off versus Jarret Stoll in neutral zone.
10:38 of 2nd period - Snap shot by Brock Nelson.
10:38 of 2nd period - Shot Misses the Net.
11:18 of 2nd period - Wrist shot by Vincent Trocheck.
11:18 of 2nd period - Shot Blocked by Dylan McIlrath.
11:37 of 2nd period - Snap shot by Mattias Ekholm.
11:37 of 2nd period - Shot Misses the Net.
11:39 of 2nd period - Snap shot by Vincent Trocheck.
11:39 of 2nd period - Stopped by John Gibson without a rebound.
11:40 of 2nd period - Cedric Paquette wins face-off versus Vincent Trocheck in Rafales zone.
11:51 of 2nd period - Wrist shot by Michael Bournival.
11:51 of 2nd period - Stopped by Marek Mazanek with a rebound.
11:53 of 2nd period - Snap shot by Julian Melchiori.
11:53 of 2nd period - Deflect By James Marcou.
11:53 of 2nd period - Shot Misses the Net.
11:53 of 2nd period - Puck is out of play.
11:54 of 2nd period - Jonathan Marchessault wins face-off versus Mike Zigomanis in Sewer Rats zone.
11:54 of 2nd period - Jonathan Marchessault is hit by Brian Ferlin.
11:57 of 2nd period - Minor Penalty to Zach Boychuk for Tripping.
11:58 of 2nd period - Mark Mancari wins face-off versus Mike Zigomanis in Sewer Rats zone.
12:08 of 2nd period - Wrist shot by Nathan Davis.
12:08 of 2nd period - Stopped by Marek Mazanek with a rebound.
12:10 of 2nd period - Snap shot by Cody McLeod.
12:10 of 2nd period - Goal by Cody McLeod - Sewer Rats : 3 - Rafales : 5.
12:10 of 2nd period - Richard Bachman enters game.
12:11 of 2nd period - Mike Zigomanis wins face-off versus Jared Boll in neutral zone.
12:22 of 2nd period - Zach Boychuk is hit by Brian Ferlin and loses puck.
12:42 of 2nd period - Wrist shot by Ville Leino.
12:42 of 2nd period - Shot Misses the Net.
12:44 of 2nd period - Snap shot by Mark Mancari.
12:44 of 2nd period - Stopped by John Gibson with a rebound.
12:46 of 2nd period - Slapshot by Matt Lashoff.
12:46 of 2nd period - Stopped by John Gibson with a rebound.
13:24 of 2nd period - Steven Kampfer is hit by Slater Koekkoek.
13:28 of 2nd period - Slapshot by Daniel Carr.
13:28 of 2nd period - Stopped by John Gibson without a rebound.
13:29 of 2nd period - Kyle Turris wins face-off versus Mike Zigomanis in Rafales zone.
13:42 of 2nd period - Ville Leino is hit by Cody McLeod and loses puck.
13:57 of 2nd period - Snap shot by Jarret Stoll.
13:57 of 2nd period - Stopped by Richard Bachman with a rebound.
13:59 of 2nd period - Snap shot by Akim Aliu.
13:59 of 2nd period - Shot Blocked by Zach Boychuk.
14:01 of 2nd period - Wrist shot by Brock Nelson.
14:01 of 2nd period - Shot Hit the Post.
14:03 of 2nd period - Slapshot by Jarret Stoll.
14:03 of 2nd period - Shot Misses the Net.
14:05 of 2nd period - Snap shot by Jarret Stoll.
14:05 of 2nd period - Stopped by Richard Bachman with a rebound.
14:07 of 2nd period - Snap shot by Dylan McIlrath.
14:07 of 2nd period - Stopped by Richard Bachman with a rebound.
15:55 of 2nd period - Backhand shot by Jonathan Huberdeau.
15:55 of 2nd period - Shot Misses the Net.
16:32 of 2nd period - Slapshot by Mark Fayne.
16:32 of 2nd period - Shot Blocked by Ryan Murphy.
16:46 of 2nd period - Backhand shot by Jonathan Marchessault.
16:46 of 2nd period - Stopped by John Gibson with a rebound.
16:48 of 2nd period - Snap shot by Jared Boll.
16:48 of 2nd period - Goal by Jared Boll - Sewer Rats : 4 - Rafales : 5.
16:49 of 2nd period - Kyle Turris wins face-off versus Mike Zigomanis in neutral zone.
17:27 of 2nd period - Wrist shot by Jarret Stoll.
17:27 of 2nd period - Stopped by Richard Bachman with a rebound.
17:43 of 2nd period - Snap shot by Vincent Trocheck.
17:43 of 2nd period - Shot Misses the Net.
18:19 of 2nd period - Cody McLeod is hit by Kyle Turris and loses puck.
18:32 of 2nd period - Mark Mancari is hit by Mike Zigomanis and loses puck.
18:40 of 2nd period - Icing by Ryan Murphy.
18:41 of 2nd period - Kyle Turris wins face-off versus Jarret Stoll in Sewer Rats zone.
19:24 of 2nd period - Vincent Trocheck is hit by Cedric Paquette and loses puck.
19:29 of 2nd period - Snap shot by Michael Bournival.
19:29 of 2nd period - Stopped by Richard Bachman without a rebound.
19:30 of 2nd period - Cedric Paquette wins face-off versus Kyle Turris in Sewer Rats zone.
19:33 of 2nd period - Slapshot by James Marcou.
19:33 of 2nd period - Stopped by Richard Bachman without a rebound.
19:34 of 2nd period - Kyle Turris wins face-off versus Cody McLeod in Sewer Rats zone.
19:59 of 2nd period - Julian Melchiori is hit by Jonathan Huberdeau and loses puck.
Goals for this period are 1 for Sewer Rats vs 2 for Rafales.
Shots for this period are 11 for Sewer Rats vs 16 for Rafales.
3rd period
0:01 of 3rd period - Jonathan Marchessault wins face-off versus Mike Zigomanis in neutral zone.
0:08 of 3rd period - Snap shot by Zach Boychuk.
0:08 of 3rd period - Shot Misses the Net.
0:10 of 3rd period - Slapshot by Matt Lashoff.
0:10 of 3rd period - Stopped by John Gibson without a rebound.
0:11 of 3rd period - Mike Zigomanis wins face-off versus Jonathan Marchessault in Rafales zone.
0:22 of 3rd period - Snap shot by Zach Boychuk.
0:22 of 3rd period - Shot Blocked by Cody McLeod.
2:02 of 3rd period - Julian Melchiori is hit by Kyle Turris and loses puck.
3:09 of 3rd period - Snap shot by Cody McLeod.
3:09 of 3rd period - Shot Blocked by Jarred Tinordi.
3:11 of 3rd period - Wrist shot by Brian Ferlin.
3:11 of 3rd period - Stopped by Richard Bachman without a rebound.
3:12 of 3rd period - Brian Ferlin wins face-off versus Kyle Turris in Sewer Rats zone.
3:58 of 3rd period - Slapshot by Vincent Trocheck.
3:58 of 3rd period - Shot Misses the Net.
4:10 of 3rd period - Minor Penalty to James Marcou for Hooking.
4:11 of 3rd period - Kyle Turris wins face-off versus Mike Zigomanis in Rafales zone.
4:18 of 3rd period - Wrist shot by Mark Mancari.
4:18 of 3rd period - Shot Blocked by Mike Zigomanis.
4:20 of 3rd period - Slapshot by Kyle Turris.
4:20 of 3rd period - Shot Misses the Net.
5:42 of 3rd period - Mark Fayne is hit by Mattias Ekholm and loses puck.
6:10 of 3rd period - Penalty to James Marcou is over, James Marcou is back on ice.
6:14 of 3rd period - Jarret Stoll is hit by Jonathan Huberdeau and loses puck.
6:40 of 3rd period - Dmitrij Jaskin is hit by Nicklas Jensen and loses puck.
9:17 of 3rd period - Jarret Stoll is hit by Kyle Turris and loses puck.
9:51 of 3rd period - Wrist shot by Jonathan Huberdeau.
9:51 of 3rd period - Stopped by John Gibson with a rebound.
10:03 of 3rd period - Wrist shot by Cody McLeod.
10:03 of 3rd period - Goal by Cody McLeod - Sewer Rats : 4 - Rafales : 6.
10:04 of 3rd period - Mike Zigomanis wins face-off versus Kyle Turris in neutral zone.
10:19 of 3rd period - Snap shot by Cody McLeod.
10:19 of 3rd period - Shot Blocked by Mark Mancari.
10:21 of 3rd period - Minor Penalty to Ville Leino for Hooking.
10:22 of 3rd period - Mark Mancari wins face-off versus Mike Zigomanis in Sewer Rats zone.
10:31 of 3rd period - Slapshot by Matt Gilroy.
10:31 of 3rd period - Stopped by Richard Bachman with a rebound.
10:33 of 3rd period - Wrist shot by Mike Zigomanis.
10:33 of 3rd period - Stopped by Richard Bachman without a rebound.
10:34 of 3rd period - Mark Mancari wins face-off versus Cody McLeod in Sewer Rats zone.
10:59 of 3rd period - Dylan McIlrath is hit by Mark Mancari and loses puck.
12:21 of 3rd period - Penalty to Ville Leino is over, Ville Leino is back on ice.
12:25 of 3rd period - Snap shot by Carl Klingberg.
12:25 of 3rd period - Stopped by Richard Bachman without a rebound.
12:26 of 3rd period - Cedric Paquette wins face-off versus Jonathan Marchessault in Sewer Rats zone.
12:27 of 3rd period - Snap shot by Carl Klingberg.
12:27 of 3rd period - Shot Misses the Net.
12:51 of 3rd period - Mark Fayne is hit by Kyle Turris.
13:03 of 3rd period - Julian Melchiori is hit by Ville Leino and loses puck.
13:16 of 3rd period - Jonathan Huberdeau is hit by Marc-André Gragnani and loses puck.
13:27 of 3rd period - Vincent Trocheck is hit by Dylan McIlrath and loses puck.
13:46 of 3rd period - Slapshot by Martin Frk.
13:46 of 3rd period - Deflect By Nathan Davis.
13:46 of 3rd period - Shot Misses the Net.
13:46 of 3rd period - Puck is out of play.
13:47 of 3rd period - Brian Ferlin wins face-off versus Jonathan Marchessault in Rafales zone.
13:59 of 3rd period - Wrist shot by Mark Fayne.
13:59 of 3rd period - Stopped by Richard Bachman with a rebound.
14:43 of 3rd period - Snap shot by Nathan Davis.
14:43 of 3rd period - Shot Misses the Net.
15:18 of 3rd period - Icing by Mike Zigomanis.
15:19 of 3rd period - Mike Zigomanis wins face-off versus Mark Mancari in Rafales zone.
16:04 of 3rd period - Wrist shot by Cody McLeod.
16:04 of 3rd period - Stopped by Richard Bachman without a rebound.
16:05 of 3rd period - Mark Mancari wins face-off versus Nathan Davis in Sewer Rats zone.
16:16 of 3rd period - Snap shot by Ville Leino.
16:16 of 3rd period - Stopped by John Gibson with a rebound.
16:30 of 3rd period - Matt Gilroy is hit by Jared Boll and loses puck.
16:39 of 3rd period - Snap shot by Jared Boll.
16:39 of 3rd period - Stopped by John Gibson with a rebound.
16:41 of 3rd period - Minor Penalty to Dylan McIlrath for Delaying the game.
16:42 of 3rd period - Kyle Turris wins face-off versus Mike Zigomanis in Rafales zone.
17:22 of 3rd period - Wrist shot by Matt Lashoff.
17:22 of 3rd period - Shot Misses the Net.
18:41 of 3rd period - Penalty to Dylan McIlrath is over, Dylan McIlrath is back on ice.
18:49 of 3rd period - Dylan McIlrath is hit by Jonathan Huberdeau and loses puck.
19:08 of 3rd period - Slapshot by Cody McLeod.
19:08 of 3rd period - Shot Misses the Net.
19:14 of 3rd period - Snap shot by Cody McLeod.
19:14 of 3rd period - Stopped by Richard Bachman with a rebound.
19:16 of 3rd period - Slapshot by Michael Bournival.
19:16 of 3rd period - Stopped by Richard Bachman with a rebound.
19:18 of 3rd period - Snap shot by Cody McLeod.
19:18 of 3rd period - Deflect By Michael Bournival.
19:18 of 3rd period - Stopped by Richard Bachman with a rebound.
19:20 of 3rd period - Snap shot by Cody McLeod.
19:20 of 3rd period - Shot Misses the Net.
19:22 of 3rd period - Slapshot by Dylan McIlrath.
19:22 of 3rd period - Stopped by Richard Bachman without a rebound.
19:23 of 3rd period - Kyle Turris wins face-off versus Nathan Davis in Sewer Rats zone.
Goals for this period are 0 for Sewer Rats vs 1 for Rafales.
Shots for this period are 4 for Sewer Rats vs 11 for Rafales.
Back to the Top